Workbook
Name \a: #N/A
Name \d: #N/A
Name _CXX1: '[1]1'!$F$175:$F$182
Name _CXX2: '[1]2'!$F$175:$F$182
Name _CXX3: '[1]3'!$F$175:$F$182
Name _CXX4: '[1]4'!$F$175:$F$182
Name _CXX5: '[1]5'!$F$175:$F$182
Name _CXX6: '[1]6'!$F$175:$F$182
Name _CXX7: '[1]7'!$F$175:$F$182
Name _CXX8: '[1]8'!$F$175:$F$182
Name _CXX9: '[1]9'!$F$175:$F$182
Name _EXX1: '[1]1'!$F$129:$F$168
Name _EXX2: '[1]2'!$F$129:$F$168
Name _EXX3: '[1]3'!$F$129:$F$168
Name _EXX4: '[1]4'!$F$129:$F$168
Name _EXX5: '[1]5'!$F$129:$F$168
Name _EXX6: '[1]6'!$F$129:$F$168
Name _EXX7: '[1]7'!$F$129:$F$168
Name _EXX8: '[1]8'!$F$129:$F$168
Name _EXX9: '[1]9'!$F$129:$F$168
Name _MXX1: '[1]1'!$F$13:$F$64
Name _MXX2: '[1]2'!$F$13:$F$64
Name _MXX3: '[1]3'!$F$13:$F$64
Name _MXX4: '[1]4'!$F$13:$F$64
Name _MXX5: '[1]5'!$F$13:$F$64
Name _MXX6: '[1]6'!$F$13:$F$64
Name _MXX7: '[1]7'!$F$13:$F$64
Name _MXX8: '[1]8'!$F$13:$F$64
Name _MXX9: '[1]9'!$F$13:$F$64
Name _SXX1: '[1]1'!$F$71:$F$122
Name _SXX2: '[1]2'!$F$71:$F$122
Name _SXX3: '[1]3'!$F$71:$F$122
Name _SXX4: '[1]4'!$F$71:$F$122
Name _SXX5: '[1]5'!$F$71:$F$122
Name _SXX6: '[1]6'!$F$71:$F$122
Name _SXX7: '[1]7'!$F$71:$F$122
Name _SXX8: '[1]8'!$F$71:$F$122
Name _SXX9: '[1]9'!$F$71:$F$122
Name BPL: [2]Re!$D$293:$D$314
Name CCC: #REF!
Name Clear_CAST_Price_Summary: [0]!Clear_CAST_Price_Summary
Name CR: #REF!
Name CXXX: '[1]10'!$F$175:$F$182
Name data: #REF!
Name DATA1: '[3]Unit 1'!$I$18:$P$37,'[3]Unit 1'!$I$41:$P$60,'[3]Unit 1'!$I$64:$P$83,'[3]Unit 1'!$I$87:$P$106,'[3]Unit 1'!$I$110:$P$135,'[3]Unit 1'!$I$139:$P$158,'[3]Unit 1'!$I$162:$P$181
Name DATA10: '[3]Unit 5'!$I$274:$P$293,'[3]Unit 5'!$I$298:$O$298,'[3]Unit 5'!$P$298:$P$312,'[3]Unit 5'!$I$298:$P$477,'[3]Unit 5'!$I$481:$P$500,'[3]Unit 5'!$I$504:$P$871,'[3]Unit 5'!$I$875:$P$888
Name DATA12: '[3]Unit 6'!$I$274:$P$293,'[3]Unit 6'!$I$298:$P$477,'[3]Unit 6'!$I$481:$P$500,'[3]Unit 6'!$I$504:$P$871,'[3]Unit 6'!$I$875:$P$888
Name DATA4: '[3]Unit 2'!$I$274:$P$293,'[3]Unit 2'!$I$298:$P$477,'[3]Unit 2'!$I$481:$P$500,'[3]Unit 2'!$I$504:$P$871,'[3]Unit 2'!$I$875:$P$888
Name DATA6: '[3]Unit 3'!$I$274:$P$293,'[3]Unit 3'!$I$298:$P$477,'[3]Unit 3'!$I$481:$P$500,'[3]Unit 3'!$I$504:$P$871,'[3]Unit 3'!$I$875:$P$888
Name DATA8: '[3]Unit 4'!$I$274:$P$293,'[3]Unit 4'!$I$298:$P$477,'[3]Unit 4'!$I$481:$P$500,'[3]Unit 4'!$I$504:$P$871,'[3]Unit 4'!$I$875:$P$888
Name Dls: [1]Ein!$C$1143:$C$1162
Name DUC: #REF!
Name EEE: [1]E!#REF!
Name ELC: [4]Qm!#REF!
Name ELE: [4]Qm!#REF!
Name ELM: [4]Qm!#REF!
Name ELS: [4]Qm!#REF!
Name END_of_PRICE_FIX_SUMMARY: #REF!
Name Ennd: #REF!
Name ER: #REF!

Sheet COVER
B18: *Where the word "Bill Of Quantities" is used it shall mean Price Schedule
B21: CONTRACT NUMBER
B24: CONTRACTOR | I24: :
B27: CONTRACT AMOUNT | I27: :Not applicable
B28: (Excluding VAT) | I28: Contract is rate based
B31: AUTHORISED SIGNATORY NAME | I31: :
B34: DESIGNATION | I34: :
B37: AUTHORISED SIGNATURE | I37: :
B40: DATE

Sheet CONTENTS
A1: TABLE OF CONTENTS
B3: Contract Data
D5: Supplementary Preambles | H5: SUP-1 to SUP-5
B7: Pricelist
B9: CORE TECHNICAL SERVICES
B11: Section 1 | D11: Preliminaries and General | H11: 1-1 to 1-19
B13: Section 2 | D13: Alterations | H13: 2-1 to 2-21
B15: Section 3 | D15: Building and Civil Works | H15: 3-1 to 3-57
B17: Section 4 | D17: Plumbing And Drainage | H17: 4-1 to 4-16
B19: Section 5 | D19: Yard Works
B21: Section 6 | D21: Cable Trenches, Ducts & Ramps
B23: Section 7 | D23: Carpots
B25: Section 8 | D25: Fencing
B27: Section 9 | D27: Additional Works
B29: Final Summary | I29: FS-1
B31: NEC Term Services Contract | H31: (Attachment)

Sheet SUPPLEMENTARY PREAMBLES
A2: SUPPLEMENTARY PREAMBLES
A5: SUPPLEMENTARY PREAMBLES TO ALL TRADES
A7: GENERAL PREAMBLES
A9: The Tenderer is referred to the Model Preambles for Trades as recommended and published by the Association of South African Quantity Surveyors (2008 Edition), which are to be read in conjunction with and shall apply to all items in these Bills of Quantities and supplemented by the following Supplementary Preambles as well as all supplementary documentation referred to in the Price Schedule and all annexures appended thereto.
A11: Where Model Preambles for Trades and Supplementary Preambles are in conflict, the Supplementary Preamble shall take precedence.
A13: SUPPLEMENTARY PREAMBLES
A15: The following amplifications, additions and amendments to the Model Preambles for Trades shall constitute the Supplementary Preambles.
A17: 1 MATERIALS AND WORKMANSHIP GENERALLY
A19: The standard of workmanship and the quality of materials to be utilised throughout this Contract shall be the best of their respective kinds and shall comply in all respects with the latest South African Bureau of Standards Specifications, Codes of Practice, co-ordinating Specifications and Standard methods or where not available, with the latest relevant British Standards.
A21: NOTE: All references to Standards are to signify the latest amendments or issue thereof. No substitutes whatsoever shall be permitted from those materials specified and any work which is not of the highest standard shall be rejected and required to be re-done at the Contractor's expense. Furthermore, references to "SANS No" shall mean the "South African National Standard No".
A23: 2 RATES
A25: All rates inserted in the Price Schedule shall cover all costs, charges and profit that may be considered necessary for the carrying out and observance for the provisions of these "Preambles to all Trades".
... A225: Descriptions shall be deemed to include for cutting in of contrasting colours or paints and masking as required.

Sheet P&Gs 
A2: ITEM NO. | B2: PAY REFERENCE | C2: DESCRIPTION | D2: UNIT | E2: QUANTITY | F2: RATE | G2: AMOUNT
C3: SECTION 1
B5: SABS 1200A | C5: BILL 01: PRELIMINARIES AND GENERAL
B7: SABS 1200A.8.3 | C7: FIXED CHARGE ITEMS
C9: The sums stated for items under this heading shall cover the cost of providing, establishing and commissioning on the site the facilities adequately equipped to enable all the work to commence and to proceed to completion as required in terms of the contract.
A12: 1.2 | B12: SABS 1200A.8.3.2 | C12: Establishment of Facilities on the Site as per Service Manager Instruction (once off cost per substation, please note that contractor will relocate to various sites as per task orders issued by Services Manager- Not all task orders will require site establishment on site)
A14: 1.2.1 | B14: SABS 1200A.8.3.2.1 | C14: Facilities for the Engineer
A16: 1.2.1.1. | B16: SABS 1200A.8.3.2.1a | C16: Nameboards | D16: Sum | E16: 1 | G16: =F16*E16 -> 0
G17: =F17*E17 -> 0
A18: 1.3 | B18: SABS 1200A.8.3.2.2 | C18: Facilities for Contractor | G18: =F18*E18 -> 0
G19: =F19*E19 -> 0
A20: 1.3.1 | B20: SABS 1200A.8.3.2.2a | C20: Offices x1 | D20: Sum | E20: 1 | G20: =F20*E20 -> 0
G21: =F21*E21 -> 0
B22: SABS 1200A.8.3.2.2b | C22: Storage sheds x1 | D22: Sum | E22: 1 | G22: =F22*E22 -> 0
G23: =F23*E23 -> 0
B24: SABS 1200A.8.3.2.2c | C24: Mobile Ablution Facility x 2 | D24: Sum | E24: 1 | G24: =F24*E24 -> 0
G25: =F25*E25 -> 0
A26: 1.4 | B26: SABS 1200A. 8.3.3 | C26: Other fixed charge obligations (Specify) | D26: Sum | E26: 1 | G26: =F26*E26 -> 0
G27: =F27*E27 -> 0
A28: 1.4.1 | B28: SABS 1200A. 8.3.3a | D28: Sum | E28: 1 | G28: =F28*E28 -> 0
G29: =F29*E29 -> 0
A30: 1.4.2 | B30: SABS 1200A. 8.3.3b | D30: Sum | E30: 1 | G30: =F30*E30 -> 0
G31: =F31*E31 -> 0
A32: 1.4.3 | B32: SABS 1200A. 8.3.3c | D32: Sum | E32: 1 | G32: =F32*E32 -> 0
G33: =F33*E33 -> 0
A34: 1.5 | B34: SABS 1200A. 8.3.4 | C34: Removal of site establishment | D34: Sum | E34: 1 | G34: =F34*E34 -> 0
G35: =F35*E35 -> 0
A36: 1.6 | B36: SABS 1200A.8.4 | C36: TIME RELATED ITEMS
A38: 1.7 | B38: SABS 1200A.8.4.2 | C38: Operate and maintain facilities for the contractor on site for the duration of task task order period.
A40: 1.7.1 | B40: SABS 1200A.8.4.2a | C40: Offices | D40: Monthly | E40: 1 | G40: =F40*E40 -> 0
G41: =F41*E41 -> 0
B42: SABS 1200A.8.4.2b | C42: Storage sheds | D42: Monthly | E42: 1 | G42: =F42*E42 -> 0
G43: =F43*E43 -> 0
A44: 1.7.3 | B44: SABS 1200A.8.4.2c | C44: scaffolding | D44: m2 | E44: 1 | G44: =F44*E44 -> 0
G45: =F45*E45 -> 0
B46: SABS 1200A.8.4.2d | C46: Mobile Ablution Facility | D46: Monthly | E46: 1 | G46: =F46*E46 -> 0
G47: =F47*E47 -> 0
B48: SABS 1200A.8.4.2e | C48: Provision of drinking water | D48: Per 20L | E48: 1 | G48: =F48*E48 -> 0
G49: =F49*E49 -> 0
A50: 1.7.5 | B50: SABS 1200A.8.4.2f | C50: Supervision for duration of construction | D50: Monthly | E50: 1 | G50: =F50*E50 -> 0
B52: SABS 1200A.8.4.2g | C52: Accommodation Allowance is for the Contractors skilled staff excluding the casual labourers which are assumed to be residing in the area where the works are executed. Per person payment where round trip from CLN to specific site is exceeding 500km return trip (3 star or equivalent) | D52: per day | E52: 1 | G52: =E52*F52 -> 0
B54: SABS 1200A.8.4.2h | C54: Accommodation Allowance is for the Contractors skilled staff excluding the casual labourers which are assumed to be residing in the area where the works are executed. Per person payment where round trip from CLN to specific site is exceeding 500km return trip (3 star or equivalent) | D54: Monthly | E54: 1 | G54: =E54*F54 -> 0
B56: SABS 1200A.8.4.2i | C56: Transport of resources to and from site will be done in terms of OHS Act (T). The cost to the Contractor to provide safe transport for his employees should be in terms of the Construction Regulations Clause 21 (2) (a) and (i) & adhere to Eskom Life Saving rules. The transport rates includes for both the fixed and running cost components. Tracker records and google maps to be provided as proof of km's travelled. Transport Distance to be Measured from Local Eskom office(CLN) - to Site and Return.
C58: LDV 4X2 | D58: Km | E58: 1 | G58: =E58*F58 -> 0
G59: =E59*F59 -> 0
C60: LDV 4X4 | D60: Km | E60: 1 | G60: =E60*F60 -> 0
G61: =E61*F61 -> 0
C62: Mini-bus 13 Seater | D62: Km | E62: 1 | G62: =E62*F62 -> 0
G63: =E63*F63 -> 0
C64: Mini-bus 23 Seater | D64: Km | E64: 1 | G64: =E64*F64 -> 0
G65: =E65*F65 -> 0
C66: 2-4 Ton Truck | D66: Km | E66: 1 | G66: =E66*F66 -> 0
G67: =E67*F67 -> 0
C68: 8 Ton Truck | D68: Km | E68: 1 | G68: =E68*F68 -> 0
G69: =E69*F69 -> 0
C70: 8 Ton Truck with Crane | D70: Km | E70: 1 | G70: =E70*F70 -> 0
G71: =E71*F71 -> 0
A72: 1.7.4 | B72: SABS 1200A.8.4.2j | C72: Other time related charge obligations (specify) | D72: Monthly | E72: 1 | G72: =E72*F72 -> 0
C75: SUB-TOTAL CARRIED TO SUMMARY | G75: =SUM(G5:G71) -> 0
A77: Please note that accomodatation and transport cannot be paid concurrently.

Sheet SHEQ
B2: REFERENCE | C2: DESCRIPTION | D2: UNIT | E2: QTY | F2: RATE | G2: AMOUNT
C3: SECTION 2
C4: SHE SCHEDULE
A7: 1 | C7: Supply of all items of Personal Protective Clothing/Equipment & ensure use thereof for full compliance
A9: 1.1 | C9: Steel toe capped safety boots | D9: per person | E9: 1 | G9: =E9*F9 -> 0
A11: 1.2 | C11: Overall - 2 piece suit with luminous strap | D11: per person | E11: 1 | G11: =E11*F11 -> 0
A13: 1.3 | C13: Gloves | D13: per person | E13: 1 | G13: =E13*F13 -> 0
A15: 1.4 | C15: Hard hats with adjustable 3 point webbing chin strap as per SANS 1397 | D15: per person | E15: 1 | G15: =E15*F15 -> 0
A17: 1.5 | C17: Climber's Hard hats with adjustable 3 point webbing chin strap as per SANS 1397 | D17: per person | E17: 1 | G17: =E17*F17 -> 0
A19: 1.6 | C19: Ear protection (earplugs etc.) | D19: per person | E19: 1 | G19: =E19*F19 -> 0
A21: 1.7 | C21: Eye protection appropriate to task performed | D21: per person | E21: 1 | G21: =E21*F21 -> 0
G22: =E22*F22 -> 0
A23: 1.8 | C23: Dust Mask | D23: per person | E23: 1 | G23: =E23*F23 -> 0
G24: =E24*F24 -> 0
A25: 1.9 | C25: Induction tags/cards | D25: per person | E25: 1 | G25: =E25*F25 -> 0
G26: =E26*F26 -> 0
A27: 1.10 | C27: Luminous high visibility safety vests | D27: per person | E27: 1 | G27: =E27*F27 -> 0
G28: =E28*F28 -> 0
A29: 1.11 | C29: Sunbrim/ Soft hat | D29: per person | E29: 1 | G29: =E29*F29 -> 0
G30: =E30*F30 -> 0
A31: 1.12 | C31: Balaclava | D31: per person | E31: 1 | G31: =E31*F31 -> 0
G32: =E32*F32 -> 0
A33: 2 | C33: Supply and provision of Equipment for working at Heights & ensure use thereof for full compliance to OHS ACT and Eskom's SHE spec | G33: =E33*F33 -> 0
G34: =E34*F34 -> 0
A35: 2.1 | C35: Optional - FALL ARREST SYSTEM (An approved Fall Arrest System, together with training is to be supplied and installed by the Contractor. The Contractor is to supply sufficient climbing attachment units for his workforce and ensure training by the Supplier before use. It is mandatory for the Contractor to use the system once installed). The Contractor will take ownership of the fall arrest system and it must be removed from each tower after use. Sufficient equipment should be available for construction on two towers and re-used for subsequent towers. | D35: Item | G35: =E35*F35 -> 0
A37: 2.2 | C37: Double lanyard harness | D37: per person | E37: 1 | G37: =E37*F37 -> 0
A39: 2.3 | C39: Evaluation of physical and psychological fitness of personnel working at heights | D39: Per person | G39: =E39*F39 -> 0
G40: =E40*F40 -> 0
A41: 2.3 | C41: Portable Ladders | D41: Each | E41: 1 | G41: =E41*F41 -> 0
G42: =E42*F42 -> 0
A43: 2.4 | C43: Rescue Kit | D43: Each | E43: 1 | G43: =E43*F43 -> 0
G44: =E44*F44 -> 0
A45: 6 | C45: Human Resources | G45: =E45*F45 -> 0
G46: =E46*F46 -> 0
A47: 6.1 | C47: Appointment of Environment, Health & Safety Representative AS AND WHEN REQUIRED Costs associated with the appointment of Safety personel and actual time spent on implementation, managing, documenting, monitoring, reviewing, internal and external audits, incident investigations and mitigating safety related impacts. | D47: hourly | E47: 1 | G47: =E47*F47 -> 0
C49: TRAININGS
G50: =E50*F50 -> 0
A51: 6.3 | C51: First Aider | D51: per person | G51: =E51*F51 -> 0
G52: =E52*F52 -> 0
A53: 6.4 | C53: Fire Fighter | D53: Per person | G53: =E53*F53 -> 0
G54: =E54*F54 -> 0
A55: 6.5 | C55: Risk Assessor | D55: Per person | G55: =E55*F55 -> 0
G56: =E56*F56 -> 0
A57: 6.6 | C57: Fall Protection Plan Developer | D57: Per person | G57: =E57*F57 -> 0
G58: =E58*F58 -> 0
A59: 6.7 | C59: Fall Protection Plan Implementor | D59: Per person | G59: =E59*F59 -> 0
G60: =E60*F60 -> 0
A61: 7 | C61: Occupational Hygiene | G61: =E61*F61 -> 0
G62: =E62*F62 -> 0
A63: 7.1 | C63: Health Risk Assessment | D63: Per task order | G63: =E63*F63 -> 0
G64: =E64*F64 -> 0
A65: 7.2 | C65: Occupational Hygiene Surveys | D65: Per task order | G65: =E65*F65 -> 0
G66: =E66*F66 -> 0
A67: 7.3 | C67: Ergonomics | D67: Per task order | G67: =E67*F67 -> 0
G68: =E68*F68 -> 0
A69: 7.4 | C69: Dust survey (crystalline silica analysis) | D69: Per task order | G69: =E69*F69 -> 0
G70: =E70*F70 -> 0
A71: 7.5 | C71: Thermal stress surveys (heat and cold) | D71: Per task order | G71: =E71*F71 -> 0
G72: =E72*F72 -> 0
A73: 7.6 | C73: Illumination survey (for work at night) | D73: Per task order | G73: =E73*F73 -> 0
G74: =E74*F74 -> 0
A75: 7.7 | C75: Indoor air quality for office environment | D75: Per task order | G75: =E75*F75 -> 0
G76: =E76*F76 -> 0
A77: 7.8 | C77: Noise survey for all noise generating equipment | D77: Per task order | G77: =E77*F77 -> 0
G78: =E78*F78 -> 0
A79: 8 | C79: Occupational Health | G79: =E79*F79 -> 0
G80: =E80*F80 -> 0
A81: 8.1 | C81: Pre-employment medical screening | D81: Per person | G81: =E81*F81 -> 0
C83: annual medical screening | D83: Per person
G84: =E84*F84 -> 0
A85: 8.3 | C85: Exit Medical Screening | D85: Per person | G85: =E85*F85 -> 0
G86: =E86*F86 -> 0
A87: 8.4 | C87: Biological tests (Employees exposed to Hazardous Chemical substances) based on the Risk Assessment, OEL & MSDS | D87: Per person | G87: =E87*F87 -> 0
G88: =E88*F88 -> 0
A89: 9 | C89: Environmental Measurement and Payment as per the Site Information | G89: =E89*F89 -> 0
A90: 9.1 | C90: Environmental management system | D90: Per task order | G90: =E90*F90 -> 0
G91: =E91*F91 -> 0
A92: 9.2 | C92: Environmental monitoring - dust, noise and water (adhoc) | D92: Per task order | G92: =E92*F92 -> 0
G93: =E93*F93 -> 0
A94: 9.3 | C94: Dealing with heritage resources (where necessary) | D94: Per task order | G94: =E94*F94 -> 0
G95: =E95*F95 -> 0
A96: 9.4 | C96: Dealing with watercourses, water bodies and wetlands (water crossings) | D96: Per task order | G96: =E96*F96 -> 0
G97: =E97*F97 -> 0
A98: 9.5 | C98: Dealing with sensitive vegetation (transplantation, search and rescure) | D98: Per task order | G98: =E98*F98 -> 0
G99: =E99*F99 -> 0
A100: 9.6 | C100: Fire management and control measures | D100: Per task order | G100: =E100*F100 -> 0
G101: =E101*F101 -> 0
A102: 10 | C102: Waste Management ( Costs associated with the management of general, hazardous waste, etc.) | G102: =E102*F102 -> 0
G103: =E103*F103 -> 0
A104: 10.1 | C104: Waste Bins, skips & lids and covers | D104: Per task order | G104: =E104*F104 -> 0
G105: =E105*F105 -> 0
A106: 10.2 | C106: General waste collection and disposal at a registered landfill site as per EMPr requirements | D106: Per task order | G106: =E106*F106 -> 0
G107: =E107*F107 -> 0
A108: 10.3 | C108: Hazardous waste transportation and disposal at a registered facility | D108: Per task order | G108: =E108*F108 -> 0
G109: =E109*F109 -> 0
A110: 12 | C110: Pollution Prevention and Control | G110: =E110*F110 -> 0
G111: =E111*F111 -> 0
A112: 12.1 | C112: Costs associated with dust supression and remediation | D112: Per task order | G112: =E112*F112 -> 0
G113: =E113*F113 -> 0
A114: 12.2 | C114: Drip trays | D114: Per task order | G114: =E114*F114 -> 0
...

Sheet ALTERATIONS
A1: ITEM | C1: UNIT | D1: QTY | E1: RATE | F1: AMOUNT
B2: SECTION 3: ALTERATIONS
B4: PREAMBLES:
B5: The Tenderer is referred to the relevant clauses in the latest edition of the Model Preambles for Trades and to the Supplementary Preambles.
B6: SUPPLEMENTARY PREAMBLES:
B8: The breaking down and demolition of existing block walls, hacking off existing plaster, etc. is to be executed with care so as to prevent damage to remaining floor and wall surface and finishes. The contractor must allow for any necessary protection of the existing surfaces as may be necessary.
B10: Particular care is required to protect the existing timber doors, door frames, and windows. Repairing any existing work will be for the contractor's account.
B12: The rates for breaking down and removal of brick walls is deemed to include for plaster finishes on walls.
B14: All existing items taken out from the works unless otherwise stated are to be handed over to the NTCSA Supervisor/ Service Manager. Representative who shall direct where on the site such items are to be stored for the removal by others. Refer to the schedule at the end of these Bills of Quantities.
B16: Rubble resulting from breaking down, demolishing, etc. is to be removed from the site by the Contractor on an on going basis to avoid accumulation of mounds of such rubble or earth.
B18: Proprietary items or materials:
B20: Proprietary items or materials are to be of the brand specific- or other approved- by the NTCSA Supervisor/ Service Manager prior to tender closing.
B22: General
... B57: Temporary barriers, screens, etc including removal:
A59: 1 | B59: Half brick wall 2.7m high including cement plaster and two coats interior quality PVA paint on one side. | C59: m | D59: 1 | F59: =D59*E59 -> 0
A61: 2 | B61: Dust screen 2.7m high between concrete floor and ceiling formed of suitable timber framing with 250 micron polyethylene sheeting stapled or nailed on, including corners, ends, etc. | C61: m | D61: 1 | F61: =D61*E61 -> 0
A63: 3 | B63: Drywall barrier, 2.7m high formed of timber studs and rails covered on one side with 12.7mm gypsum board panels and finishes with two coats interior quality PVA paint on one side, including corners, ends, etc. | C63: m | D63: 1 | F63: =D63*E63 -> 0
B65: Dust protection of equipment (drop sheet)5mx7m | C65: m | F65: =D65*E65 -> 0
B67: REMOVAL OF EXISTING CONCRETE WORK
B69: Break up and removing mass concrete
A71: 4 | B71: Surface beds, slabs, etc. | C71: m3 | D71: 1 | F71: =D71*E71 -> 0
A73: =A71+1 -> 5 | B73: Strip footings, bases, etc. | C73: m3 | D73: 1 | F73: =D73*E73 -> 0
B75: Break up and removing reinforced concrete including cutting off and removing reinforcement:
A77: =A73+1 -> 6 | B77: Surface beds. | C77: m3 | D77: 1 | F77: =D77*E77 -> 0
A79: =A77+1 -> 7 | B79: Slabs. | C79: m3 | D79: 1 | F79: =D79*E79 -> 0
A81: =A79+1 -> 8 | B81: Beams. | C81: m3 | D81: 1 | F81: =D81*E81 -> 0
A83: =A81+1 -> 9 | B83: Stairs and landings. | C83: m3 | D83: 1 | F83: =D83*E83 -> 0
F84: =D84*E8 -> 0
A85: =A83+1 -> 10 | B85: Columns. | C85: m3 | D85: 1 | F85: =D85*E85 -> 0
A87: =A85+1 -> 11 | B87: Ramps. | C87: m3 | D87: 1 | F87: =D87*E87 -> 0
B89: Repairs to spalled concrete structure:
A91: =A87+1 -> 12 | B91: Prepare the slab by propping approximately 8m2 of slab adjacent to the 4m long beam, chip away the spalled concrete around the full circumference of the steel reinforcement for the full length of the beam. Remove all rust on the reinforcement by grit blasting. Prepare for and apply the special epoxy grout mixture (SABS Approved),(approximately 1m3) to fill the void. Leave the surface smooth and ready for redecoration (elsewhere measured) | C91: No | D91: 1 | F91: =D91*E91 -> 0
A93: =A91+1 -> 13 | B93: Extra over the previous item for cutting away corroded reinforcement, providing approximately 50kg high tensile steel reinforcement bars and welding into place within the 4m long beam | C93: No | D93: 1 | F93: =D93*E93 -> 0
A95: =A93+1 -> 14 | B95: 6mmx80mm Mild steel, hot dip galvanised, strap ring 1400mm girth, six times bent, four times holed for and bolted with M12 galvanised bolts around top of existing concrete column. | C95: No | D95: 1 | F95: =D95*E95 -> 0
B97: CUTTING THROUGH FLOORS AND CEILING
A99: =A95+1 -> 15 | B99: Cutting through 100mm thick mesh reinforced concrete apron slab as necessary for installation of new 110mm diameter sewer drain pipe including making good concrete | C99: m | D99: 1 | F99: =D99*E99 -> 0
A101: =A99+1 -> 16 | B101: Cutting through 100mm thick mesh reinforcement concrete surface bed for 500mm wide concrete wall footing including making good concrete on both sides of new half brick wall | C101: m | D101: 1 | F101: =D101*E101 -> 0
A103: =A101+1 -> 17 | B103: Cutting through 100mm thick mesh reinforcement concrete surface bed for 700mm wide concrete wall footing including making good concrete on both sides of new half brick wall | C103: m | D103: 1 | F103: =D103*E103 -> 0
B105: Repair to cracks in concrete floors:
A107: =A103+1 -> 18 | B107: Cut out crack in concrete floor 10mm wide x 25mm deep, where instructed with square edges, clean out and fill epoxy mortar (SABS Approved)or similar approved. | C107: m | D107: 1 | F107: =D107*E107 -> 0
B109: PREPARATORY WORK TO EXISTING CONCRETE SURFACES
B111: Preparation to existing vertical surfaces:
A113: =A107+1 -> 19 | B113: Hack face of existing concrete columns, beams, etc. to receive plaster (elsewhere measured). | C113: m2 | D113: 1 | F113: =D113*E113 -> 0
B115: Preparation to existing horizontal surfaces to receive floor covering:
A117: =A113+1 -> 20 | B117: Clean existing concrete slabs, brick paving, etc., using a water pressure cleaning system and steel brushes and remove all dirt and loose particles. | C117: m2 | D117: 1 | F117: =D117*E117 -> 0
B119: REMOVAL OF EXISTING BRICKWORK
B121: Breaking down and removing brickwork etc:
A123: =A117+1 -> 21 | B123: Mass brickwork in piers, buttresses, etc: | C123: m3 | D123: 1 | F123: =D123*E123 -> 0
A125: =A123+1 -> 22 | B125: One brick wall in foundations. | C125: m2 | D125: 1 | F125: =D125*E125 -> 0
A127: =A125+1 -> 23 | B127: Half brick walls. | C127: m2 | D127: 1 | F127: =D127*E127 -> 0
A129: =A127+1 -> 24 | B129: One brick walls. | C129: m2 | D129: 1 | F129: =D129*E129 -> 0
A131: =A129+1 -> 25 | B131: One and half brick walls. | C131: m2 | D131: 1 | F131: =D131*E131 -> 0
A133: =A131+1 -> 26 | B133: 90mm Block wall | C133: m2 | D133: 1 | F133: =D133*E133 -> 0
A135: =A133+1 -> 27 | B135: 190mm Block wall | C135: m2 | D135: 1 | F135: =D135*E135 -> 0
A137: =A135+1 -> 28 | B137: Glass block wall. | C137: m2 | D137: 1 | F137: =D137*E137 -> 0
B139: Mechanical cleaning specifications
B141: Mechanical cleaning shall be by means of an adjustable RPM stone polisher machine capable of no more than 25rpm, with the use of a diamond cup or similar carborundum cup of not more than 80grit abrasive. Operator skills shall be sufficient to avoid the occurrence of scouring and circular marks on the stone surface.
B143: Mechanical cleaning:
A145: =A137+1 -> 29 | B145: Mechanical cleaning of paint from sandstone/marble in superstructure. | C145: m2 | D145: 1 | F145: =D145*E145 -> 0
B147: Hacking up/off and removing granolithic screed, plaster, etc., from concrete or brickwork and prepare surfaces, for new screed, plaster etc.
A149: =A145+1 -> 30 | B149: Hack up/off and remove existing screed from floors (new screed e.m) | C149: m2 | D149: 1 | F149: =D149*E149 -> 0
A151: =A149+1 -> 31 | B151: Hack up/off and remove existing plaster from walls (new plaster elsewhere measured) | C151: m2 | D151: 1 | F151: =D151*E151 -> 0
B153: OPENINGS THROUGH EXISTING WALLS, ETC
B155: Breaking out and forming plain openings through brick walls including necessary lintels and making good plaster or facing on one or both sides, into reveals and with precast or concrete thresholds, with steel trowelled finish.
A157: =A151+1 -> 32 | B157: Opening not exceeding 1m2 in half brick wall. | C157: No. | D157: 1 | F157: =D157*E157 -> 0
A159: =A157+1 -> 33 | B159: Opening not exceeding 1m2 in 90mm block wall | C159: No. | D159: 1 | F159: =D159*E159 -> 0
A161: =A159+1 -> 34 | B161: Opening exceeding 1m2 and not exceeding 2.5m2 in half brick wall. | C161: No. | D161: 1 | F161: =D161*E161 -> 0
A163: =A161+1 -> 35 | B163: Opening exceeding 1m2 and not exceeding 2.5m2 in 190mm block wall | C163: No. | D163: 1 | F163: =D163*E163 -> 0
F164: =D164*E164 -> 0
A165: =A163+1 -> 36 | B165: Opening exceeding 2.5m2 and not exceeding 6m2 in half brick wall. | C165: No. | D165: 1 | F165: =D165*E165 -> 0
F166: =D166*E166 -> 0
A167: =A165+1 -> 37 | B167: Opening exceeding 2.5m2 and not exceeding 6m2 in 190mm block wall. | C167: No. | D167: 1 | F167: =D167*E167 -> 0
F168: =D168*E168 -> 0
A169: =A167+1 -> 38 | B169: Opening not exceeding 1m2 in one brick walls. | C169: No. | D169: 1 | F169: =D169*E169 -> 0
F170: =D170*E170 -> 0
A171: =A169+1 -> 39 | B171: Opening exceeding 1m2 and not exceeding 2.5m2 in one brick walls. | C171: No. | D171: 1 | F171: =D171*E171 -> 0
F172: =D172*E172 -> 0
A173: =A171+1 -> 40 | B173: Opening exceeding 2.5m2 and not exceeding 6m2 in one brick wall. | C173: No. | D173: 1 | F173: =D173*E173 -> 0
F174: =D174*E174 -> 0
A175: =A173+1 -> 41 | B175: Vent opening 229mm x 152mm high through brick wall including building in burnt clay, vermin proof air vent with colour matched cement mortar externally and white gypsum plaster air vent internally. | C175: No. | D175: 1 | F175: =D175*E175 -> 0
F176: =D176*E176 -> 0
F177: =D177*E177 -> 0
B178: REMOVAL OF EXISTING DOORS, WINDOWS, ETC. FROM BRICKWORK | F178: =D178*E178 -> 0
F179: =D179*E179 -> 0
B180: Taking out and removing doors, windows, etc. from brickwork to be demolished: | F180: =D180*E180 -> 0
F181: =D181*E181 -> 0
A182: =A175+1 -> 42 | B182: Precast concrete Winblok blocks size 600mm x 600mm. | C182: No. | D182: 1 | F182: =D182*E182 -> 0
F183: =D183*E183 -> 0
A184: =A182+1 -> 43 | B184: Timber single door and frame not exceeding 2.5m2. | C184: No. | D184: 1 | F184: =D184*E184 -> 0
F185: =D185*E185 -> 0
A186: =A184+1 -> 44 | B186: Steel single door and frame not exceeding 2.5m2. | C186: No. | D186: 1 | F186: =D186*E186 -> 0
F187: =D187*E187 -> 0
A188: =A186+1 -> 45 | B188: Aluminium single door and frame not exceeding 2.5m2. | C188: No. | D188: 1 | F188: =D188*E188 -> 0
F189: =D189*E189 -> 0
A190: =A188+1 -> 46 | B190: Timber double door and frame exceeding 2.5m2 and not exceeding 5m2. | C190: No. | D190: 1 | F190: =D190*E190 -> 0
F191: =D191*E191 -> 0
A192: =A190+1 -> 47 | B192: Timber double door and frame exceeding 2.5m2 and not exceeding 5m2. | C192: No. | D192: 1 | F192: =D192*E192 -> 0
F193: =D193*E193 -> 0
A194: =A192+1 -> 48 | B194: Aluminium double door and frame exceeding 2.5m2 and not exceeding 5m2. | C194: No. | D194: 1 | F194: =D194*E194 -> 0
F195: =D195*E195 -> 0
...

Sheet BUILDING BOQ
A1: Item | C1: Unit | D1: Qty | E1: Rate | F1: Amount
B3: SECTION NO. 4 : BUILDING WORKS
B5: BILL NO.1 : EARTHWORKS
B7: PREAMBLES
B9: The Tenderer is referred to the relevant clauses in the latest edition of the Model Preambles for Trades and to the Supplementary Preambles.
B11: SUPPLEMENTARY PREAMBLES
B13: Rate approvals:
B15: The tenderer is advised that any rate that is required for new work must include the following breakdown:
B17: Material, labour, plant, wastage, transport and profit.
B19: Rate approvals must be authorised by the NTCSA Supervisor/ Service Manager prior to work being carried out.
B21: Nature of ground:
B23: The Tenderer must acquaint himself with the nature of the material to be excavated.
B25: The nature of the ground is assumed to be medium, dense and very dense material, therefore earth, but possibly interspersed with "hard rock" or "intermediate material".
... B41: SITE CLEARANCE, ETC
A43: 1 | B43: Allow for clearing the site as required and cart away all vegetation and debris. | C43: m² | D43: 1 | F43: =D43*E43 -> 0
F44: =D44*E44 -> 0
F45: =D45*E45 -> 0
B46: EXCAVATIONS OTHER THAN BULK | F46: =D46*E46 -> 0
F47: =D47*E47 -> 0
B48: Excavation in earth not exceeding 2m deep and stock pile on site: | F48: =D48*E48 -> 0
F49: =D49*E49 -> 0
A50: 2 | B50: Reduced levels under floors | C50: m³ | D50: 1 | F50: =D50*E50 -> 0
F51: =D51*E51 -> 0
A52: 3 | B52: Reduced levels under floors (aprons and yard area) | C52: m³ | D52: 1 | F52: =D52*E52 -> 0
F53: =D53*E53 -> 0
A54: 4 | B54: Trenches. | C54: m³ | D54: 1 | F54: =D54*E54 -> 0
F55: =D55*E55 -> 0
A56: 5 | B56: Trenches circular on plan. | C56: m³ | D56: 1 | F56: =D56*E56 -> 0
F57: =D57*E57 -> 0
A58: 6 | B58: Trenches and holes below bases to get out unsuitable material. | C58: m³ | D58: 1 | F58: =D58*E58 -> 0
F59: =D59*E59 -> 0
A60: 7 | B60: Bases. | C60: m³ | D60: 1 | F60: =D60*E60 -> 0
F61: =D61*E61 -> 0
B62: Excavation in earth exceeding 2m and not exceeding 4m deep: | F62: =D62*E62 -> 0
F63: =D63*E63 -> 0
A64: 8 | B64: Trenches and holes. | C64: m³ | D64: 1 | F64: =D64*E64 -> 0
F65: =D65*E65 -> 0
A66: 9 | B66: Trenches and holes below bases to get out unsuitable material. | C66: m³ | D66: 1 | F66: =D66*E66 -> 0
F67: =D67*E67 -> 0
B68: Back excavation of vertical sides of excavation in earth for working space including backfilling with selected material compacted in 150mm layers to 98% Mod AASHTO density and carting away surplus material: | F68: =D68*E68 -> 0
F69: =D69*E69 -> 0
A70: 10 | B70: Exceeding 0,5m and not exceeding 1,5m deep for erection and removal of formwork to ground beams, footings, etc. | C70: m² | D70: 1 | F70: =D70*E70 -> 0
F71: =D71*E71 -> 0
A72: 11 | B72: Exceeding 1,5m and not exceeding 3,0m deep for erection and removal of formwork to ground beams, footings, etc. | C72: m² | D72: 1 | F72: =D72*E72 -> 0
F73: =D73*E73 -> 0
B74: Extra over trench and hole excavations in earth for excavation in: | F74: =D74*E74 -> 0
F75: =D75*E75 -> 0
A76: 12 | B76: Soft rock material. | C76: m³ | D76: 1 | F76: =D76*E76 -> 0
F77: =D77*E77 -> 0
A78: 13 | B78: Hard rock material. | C78: m³ | D78: 1 | F78: =D78*E78 -> 0
F79: =D79*E79 -> 0
B80: Extra over all excavations for carting away: | F80: =D80*E80 -> 0
F81: =D81*E81 -> 0
A82: 14 | B82: Surplus material from excavations and/or stock piles on site to a dumping site to be located by the contractor | C82: m³ | D82: 1 | F82: =D82*E82 -> 0
F83: =D83*E83 -> 0
B84: Risk of collapse of excavations | F84: =D84*E84 -> 0
F85: =D85*E85 -> 0
A86: 15 | B86: Sides of trench and hole excavations not exceeding 1,5m deep | C86: m² | D86: 1 | F86: =D86*E86 -> 0
F87: =D87*E87 -> 0
A88: 16 | B88: Sides of trench and hole excavations exceeding 1,5m not exceeding 3,0m deep. | C88: m² | D88: 1 | F88: =D88*E88 -> 0
F89: =D89*E89 -> 0
B90: COMPACTION | F90: =D90*E90 -> 0
F91: =D91*E91 -> 0
B92: Compaction of surfaces: | F92: =D92*E92 -> 0
F93: =D93*E93 -> 0
A94: 17 | B94: Rip and scarify to a depth of 200mm, level and compact earth surface under floor to density of at least 98% Mod. AASHTO maximum density. | C94: m² | D94: 1 | F94: =D94*E94 -> 0
F95: =D95*E95 -> 0
A96: 18 | B96: Compaction of ground surface under floors etc including scarifying for a depth of 300mm, breaking down oversize material, adding selected material where necessary and compacting in 150mm layers to a density of at least 93% Mod AASHTO density. | C96: m² | D96: 1 | F96: =D96*E96 -> 0
F97: =D97*E97 -> 0
B98: FILLING ETC. | F98: =D98*E98 -> 0
F99: =D99*E99 -> 0
B100: Selected earth filling obtained from the excavations and/or prescribed stock piles on site compacted in 150mm layers to 98% Mod. AASHTO density: | F100: =D100*E100 -> 0
F101: =D101*E101 -> 0
A102: 19 | B102: Under floors, pavings, etc. | C102: m³ | D102: 1 | F102: =D102*E102 -> 0
F103: =D103*E103 -> 0
A104: 20 | B104: Backfilling to trenches, holes, etc | C104: m³ | D104: 1 | F104: =D104*E104 -> 0
F105: =D105*E105 -> 0
B106: Filling with approved G7 material in accordance with SANS 1200DM supplied and carted onto site by the contractor, compacted in 150mm layers to a density of at least 95% Mod. AASHTO maximum density: | F106: =D106*E106 -> 0
F107: =D107*E107 -> 0
A108: 21 | B108: Under floors etc | C108: m³ | D108: 1 | F108: =D108*E108 -> 0
F109: =D109*E109 -> 0
B110: Filling with approved G5 material supplied and carted onto site by the contractor, compacted to a density of at least 98% Mod. AASHTO maximum density: | F110: =D110*E110 -> 0
F111: =D111*E111 -> 0
A112: 22 | B112: Under floors, etc | C112: m³ | D112: 1 | F112: =D112*E112 -> 0
F113: =D113*E113 -> 0
B114: Filling with approved G4 material in accordance with SANS 1200DM supplied and carted onto site by the contractor, compacted in 150mm layers to a density of at least 95% Mod. AASHTO maximum density: | F114: =D114*E114 -> 0
F115: =D115*E115 -> 0
A116: 23 | B116: Under floors etc | C116: m³ | D116: 1 | F116: =D116*E116 -> 0
F117: =D117*E117 -> 0
B118: Filling with approved G3 material supplied and carted onto site by the contractor, compacted to a density of at least 95% Mod. AASHTO maximum density: | F118: =D118*E118 -> 0
F119: =D119*E119 -> 0
A120: 24 | B120: Under floors, etc | C120: m³ | D120: 1 | F120: =D120*E120 -> 0
F121: =D121*E121 -> 0
B122: Filling with approved G2 material in accordance with SANS 1200DM supplied and carted onto site by the contractor, compacted in 150mm layers to a density of at least 95% Mod. AASHTO maximum density: | F122: =D122*E122 -> 0
F123: =D123*E123 -> 0
A124: 24 | B124: Under floors etc | C124: m³ | D124: 1 | F124: =D124*E124 -> 0
F125: =D125*E125 -> 0
B126: Filling with selected material from the excavations stabilised to C4 and compacted to a density of at least 98% Mod. AASHTO maximum density: | F126: =D126*E126 -> 0
F127: =D127*E127 -> 0
A128: 26 | B128: Backfilling to holes below bases where unsuitable material removed. | C128: m³ | D128: 1 | F128: =D128*E128 -> 0
...

Sheet PLUMBING AND DRAINAGE BOQ
A1: Item | C1: Unit | D1: Qty | E1: Rate | F1: Amount
B2: SECTION NO 5: PLUMBING AND DRAINAGE
B4: PREAMBLES
B6: The Tenderer is referred to the relevant clauses in the latest edition of the Model Preambles for Trades and to the Supplementary Preambles
B8: SUPPLEMENTARY PREAMBLES
B10: Overtime work and normal work:
B12: The tenderers are advised that the following works may be done during normal working hours as well as after normal working hours. Tenderers must make due allowance for these working hours in the pricing as no claims will be entertained in this regard.
B14: Rate Approvals:
B16: The tenderer is advised that any rate that is required for new work must include the following breakdown:
B18: Material, labour, plant, wastage, transport and profit.
B20: Rate approvals must be authorised by the Service Manager prior to work being carried out.
B22: MAINTENANCE WORK TO EXISTING PLUMBING AND DRAINAGE
B24: REMOVING OF EXISTING SANITARY FITTINGS
... B44: Plumbing Maintenance
A46: 1 | B46: Unblock existing 110mm diameter waste water pipe | C46: No. | D46: 1 | F46: =D46*E46 -> 0
A47: =A46+1 -> 2 | B47: Unblock existing 50mm diameter waste water pipe | C47: No. | D47: 1 | F47: =D47*E47 -> 0
A48: =A47+1 -> 3 | B48: Unblock urinal trap | C48: No. | D48: 1 | F48: =D48*E48 -> 0
F49: =D49*E49 -> 0
F50: =D50*E50 -> 0
B51: MAINTENANCE OF EXISTING STORMWATER | F51: =D51*E51 -> 0
F52: =D52*E52 -> 0
A53: =A48+1 -> 4 | B53: Replace existing stormwater pipes | C53: m | D53: 1 | F53: =D53*E53 -> 0
F54: =D54*E54 -> 0
B55: Grating | F55: =D55*E55 -> 0
F56: =D56*E56 -> 0
A57: =A53+1 -> 5 | B57: Remove existing 450mm x 600mm x 68kg type 9D cast iron single seal manhole cover, frame and replace with new | C57: No. | D57: 1 | F57: =D57*E57 -> 0
F58: =D58*E58 -> 0
A59: =A57+1 -> 6 | B59: Remove existing 450mm x 600mm x 117kg type 9D cast iron single seal manhole cover, frame and replace with new | C59: No. | D59: 1 | F59: =D59*E59 -> 0
F60: =D60*E60 -> 0
A61: =A59+1 -> 7 | B61: Remove existing precast circular manhole cover, frame and replace with new 150mm thick manhole cover slab size 1670mm x 1670mm cover slab with 150mm thick x 620mm with 150mm x 620mm diameter removable cover. | C61: No. | D61: 1 | F61: =D61*E61 -> 0
F62: =D62*E62 -> 0
B63: Rodding | F63: =D63*E63 -> 0
F64: =D64*E64 -> 0
A65: =A61+1 -> 8 | B65: Allow for rodding stormwater line clean | C65: No. | D65: 1 | F65: =D65*E65 -> 0
F66: =D66*E66 -> 0
A67: =A65+1 -> 9 | B67: Allow for cleaning stormwater inspection chamber | C67: No. | D67: 1 | F67: =D67*E67 -> 0
F68: =D68*E68 -> 0
F69: =D69*E69 -> 0
B70: Testing | F70: =D70*E70 -> 0
F71: =D71*E71 -> 0
A72: =A67+1 -> 10 | B72: Allow for testing drainage pipe system | C72: Item | F72: =D72*E72 -> 0
F73: =D73*E73 -> 0
B74: MAINTENANCE OF EXISTING SEWER | F74: =D74*E74 -> 0
F75: =D75*E75 -> 0
A76: =A72+1 -> 11 | B76: Excavate to expose and repair existing sewer pipes not exceeding 1m deep including backfilling with selected fill compacting to 95% Mod Aashto and level to match existing. | C76: m | D76: 1 | F76: =D76*E76 -> 0
F77: =D77*E77 -> 0
A78: =A76+1 -> 12 | B78: Excavate to expose and repair existing sewer pipes exceeding 1m and not exceeding 2m deep including backfilling with selected fill compacting to 95% Mod Aashto and level to match existing. | C78: m | D78: 1 | F78: =D78*E78 -> 0
F79: =D79*E79 -> 0
A80: =A78+1 -> 13 | B80: Break up and remove existing brick sewer inspection chamber not exceeding 1m deep including backfilling with selected fill, compacting to 95% Mod Aashto and level to match existing. | C80: m | D80: 1 | F80: =D80*E80 -> 0
F81: =D81*E81 -> 0
A82: =A80+1 -> 14 | B82: Break up and remove existing brick sewer inspection chamber exceeding 1m and not deep including backfilling with selected fill, compacting to 95% Mod Aashto and level to match existing. | C82: m | D82: 1 | F82: =D82*E82 -> 0
F83: =D83*E83 -> 0
A84: =A82+1 -> 15 | B84: Break up and remove existing concrete circular sewer inspection chamber not exceeding 1m deep including backfilling with selected fill, compacting to 95% Mod Aashto and level to match existing. | C84: m | F84: =D84*E84 -> 0
A86: =A84+1 -> 16 | B86: Break up and remove existing concrete circular sewer inspection chamber exceeding 1m and not exceeding 2m deep including backfilling with selected fill, compacting to 95% Mod Aashto and level to match existing. | C86: m | D86: 1 | F86: =D86*E86 -> 0
B88: Grating
A90: =A86+1 -> 17 | B90: Take up and remove existing 1050mm diameter 180kg type ZA cast iron manhole cover and frame and replace with new. | C90: No. | D90: 1 | F90: =D90*E90 -> 0
A92: =A90+1 -> 18 | B92: Remove existing 450mm x 600mm x 117kg type 9D cast iron single seal manhole cover and frame and replace with new | C92: No. | D92: 1 | F92: =D92*E92 -> 0
A94: =A92+1 -> 19 | B94: Remove existing precast circular manhole cover, frame and replace with new 1640mm x 1640mm x 170mm heavy duty precast manhole cover slab including bedding edges all round in cement mortar. | C94: No. | D94: 1 | F94: =D94*E94 -> 0
B96: Rodding
A98: =A94+1 -> 20 | B98: Allow for rodding sewer line clean | C98: m | D98: 1 | F98: =D98*E98 -> 0
A100: =A98+1 -> 21 | B100: Allow for cleaning sewer inspection chamber | C100: No. | D100: 1 | F100: =D100*E100 -> 0
B102: Testing
A104: =A100+1 -> 22 | B104: Allow for testing drainage pipe system | C104: Item | F104: =D104*E104 -> 0
B106: REMOVAL OF EXISTING RAINWATER GOODS
B108: Taking off and removing piping, gutters, etc. and making good wall finishes ( making good paintwork elsewhere measured)
A110: =A104+1 -> 23 | B110: UPVC rainwater pipes and holderbats. | C110: m | D110: 1 | F110: =D110*E110 -> 0
A112: =A110+1 -> 24 | B112: UPVC eaves gutter and brackets | C112: m | D112: 1 | F112: =D112*E112 -> 0
A114: =A112+1 -> 25 | B114: Fibre cement rainwater pipe and holderbats | C114: m | D114: 1 | F114: =D114*E114 -> 0
A116: =A114+1 -> 26 | B116: Fibre cement eaves gutter and brackets | C116: m | D116: 1 | F116: =D116*E116 -> 0
A118: =A116+1 -> 27 | B118: Sheet metal rainwater pipe and holderbats | C118: m | D118: 1 | F118: =D118*E118 -> 0
A120: =A118+1 -> 28 | B120: Sheet metal eaves gutter and brackets | C120: m | D120: 1 | F120: =D120*E120 -> 0
A122: 29 | B122: Aluminium rainwater pipe and holderbats | C122: m | D122: 1 | F122: =D122*E122 -> 0
A124: 30 | B124: Aluminium eaves gutter and brackets | C124: m | D124: 1 | F124: =D124*E124 -> 0
B126: MAINTENANCE OF EXISTING RAINWATER GOODS
B128: Cleaning out rain of rainwater goods
A130: 31 | B130: Clean out fibre cement eaves gutters internally, rake out joints and re-seal with a polysulphide sealant | C130: m | D130: 1 | F130: =D130*E130 -> 0
A132: 32 | B132: Dismantle and clean out fibre cement eaves gutters, re-assemble with new gutter bolts and re-seal with a polysulphide sealant | C132: m | D132: 1 | F132: =D132*E132 -> 0
A134: =A132+1 -> 33 | B134: Clean out existing valley lining of all vegetation and debris | C134: m | D134: 1 | F134: =D134*E134 -> 0
A136: =A134+1 -> 34 | B136: Clear existing eaves gutter and rainwater outlet of all vegetation and debris | C136: m | D136: 1 | F136: =D136*E136 -> 0
A138: =A136+1 -> 35 | B138: Take down and remove half round gutter brackets and replace with new aluminium brackets with new galvanised bolts | C138: No. | D138: 1 | F138: =D138*E138 -> 0
A140: =A138+1 -> 36 | B140: Take down and remove 152mmx152mm gutter brackets and replace with new aluminium brackets with new galvanised bolts | C140: No. | D140: 1 | F140: =D140*E140 -> 0
A142: =A140+1 -> 37 | B142: Clear existing full-bore outlets and storm water inlets of all vegetation and debris. | C142: No. | D142: 1 | F142: =D142*E142 -> 0
B144: REMOVAL OF EXISTING RAINWATER GOODS
B146: BATHROOM FITTINGS
A148: =A142+1 -> 38 | B148: Remove Existing Wash Hand Basin (WHB) – Carefully disconnect from water supply and waste connections, remove brackets and fittings, and make good wall surfaces. | C148: No. | D148: 1 | F148: =D148*E148 -> 0
F149: =D149*E149 -> 0
A150: =A148+1 -> 39 | B150: Remove Existing Countertop Basin – Disconnect water and waste connections, detach from vanity top, and remove all fixing hardware. | C150: No. | D150: 1 | F150: =D150*E150 -> 0
F151: =D151*E151 -> 0
A152: =A150+1 -> 40 | B152: Remove Existing Toilet Suite (Close-Coupled) – Disconnect water and soil pipe connections, remove cistern, pan, and seat. | C152: No. | D152: 1 | F152: =D152*E152 -> 0
F153: =D153*E153 -> 0
A154: =A152+1 -> 41 | B154: Remove Existing Wall-Hung Toilet Suite – Remove pan, frame, and concealed cistern assembly including flush plate. | C154: No. | D154: 1 | F154: =D154*E154 -> 0
F155: =D155*E155 -> 0
A156: =A154+1 -> 42 | B156: Remove Existing Urinal – Disconnect flush pipe, trap, and bowl. Remove fixing bolts and make good wall and waste outlet. | C156: No. | D156: 1 | F156: =D156*E156 -> 0
F157: =D157*E157 -> 0
A158: =A156+1 -> 43 | B158: Remove Existing Shower Set – Remove shower mixer, arm, rose, and associated fittings. Cap off pipework. | C158: No. | D158: 1 | F158: =D158*E158 -> 0
F159: =D159*E159 -> 0
A160: =A158+1 -> 44 | B160: Remove Existing Bath Tub – Disconnect water and waste, remove mixers, spout, and fittings. Lift out bath and dispose. | C160: No. | D160: 1 | F160: =D160*E160 -> 0
A162: =A160+1 -> 45 | B162: Remove Existing Bath/Shower Mixer – Disconnect water supply, remove mixer, spout, hose, and handset. | C162: No. | D162: 1 | F162: =D162*E162 -> 0
A164: =A162+1 -> 46 | B164: Remove Existing Mirror – Carefully remove mirror including clips or adhesive. | C164: No. | D164: 1 | F164: =D164*E164 -> 0
F165: =D165*E165 -> 0
...

Sheet ESKOM AIR-CON SCHEDULE
I52: 1
I104: 2
I156: 3
I208: 4
I260: 5
I312: 6
I364: 7
I416: 8
I468: 9
I520: 10
I571: 11

Sheet Yard Works
B2: REFERENCE | C2: DESCRIPTION | D2: UNIT | E2: QTY | F2: RATE | G2: AMOUNT
C3: SECTION 6
C4: CIVIL WORKS
C6: YARDWORKS
B8: SABS 1200D | C8: EARTHWORKS
B10: SABS 1200D.8.3.1 | C10: Remove and set aside yard stones for re-use | D10: m2 | E10: 1 | G10: =E10*F10 -> 0
B12: SABS 1200D.8.3.2 | C12: Supply and spread 26,5mm nominal diameter yardstones from commercial sources, in 100mm thick layer and lightly compact to set levels. | D12: m3 | E12: 1 | G12: =E12*F12 -> 0
G13: =E13*F13 -> 0
G14: =E14*F14 -> 0
C15: PAVING PARKING AND SURROUNDING CONTROL BUILDING, ACCESS CONTROL BUILDING, WORKSHOP BUILDING AND CONSUMABLE STORE | G15: =E15*F15 -> 0
G16: =E16*F16 -> 0
B17: SABS 1200D | C17: EARTHWORKS | G17: =E17*F17 -> 0
G18: =E18*F18 -> 0
B19: SABS 1200D.8.3.3 | C19: Restricted Excavation: | G19: =E19*F19 -> 0
G20: =E20*F20 -> 0
B21: SABS 1200D.8.3.3a | C21: Excavate for restricted foundations, in all materials and use for backfill or dispose to a site provided by the Contractor (includes over-excavation): | G21: =E21*F21 -> 0
G22: =E22*F22 -> 0
B23: SABS 1200D.8.3.3a | C23: Reduced levels under floors. | D23: m3 | E23: 1 | G23: =E23*F23 -> 0
G24: =E24*F24 -> 0
C25: Filling, etc.: | G25: =E25*F25 -> 0
G26: =E26*F26 -> 0
C27: Compaction of ground surface under pavings, etc., including scarifying for a depth of 150mm, breaking down oversize material, adding suitable material where necessary and compact to 90% mod AASHTO density. | D27: m2 | E27: 1 | G27: =E27*F27 -> 0
G28: =E28*F28 -> 0
C29: 150mm Thick imported material from commercial sources, compacted to 95% Mod. AASHTO at OMC. | D29: m3 | E29: 1 | G29: =E29*F29 -> 0
G30: =E30*F30 -> 0
C31: 20mm Thick clean, dry riversand layer treated with an approved weed killer at a rate of 50 grams per square metre, spread and levelled to receive paving blocks. | D31: m2 | E31: 1 | G31: =E31*F31 -> 0
G32: =E32*F32 -> 0
B33: SSM pg 8.20 | C33: Weedkillers, insecticides, etc. | G33: =E33*F33 -> 0
G34: =E34*F34 -> 0
C35: Supply and apply approved weedkiller to terrace, in strict accordance with the Manufacturer's instructions. | D35: m2 | E35: 1 | G35: =E35*F35 -> 0
G36: =E36*F36 -> 0
B37: SABS 1200MJ | C37: SEGMENTED PAVING | G37: =E37*F37 -> 0
G38: =E38*F38 -> 0
B39: SABS 1200MJ.8.2.2 | C39: Construction of paving complete: | G39: =E39*F39 -> 0
G40: =E40*F40 -> 0
C41: 80mm Thick 25MPa precast concrete interlocking block paving of 220 x 97mm grey paving blocks to herringbone pattern, in accordance with SABS Spec.1058, pavers laid to falls on and including, dry riversand joints evenly vibrated. | D41: m2 | E41: 1 | G41: =E41*F41 -> 0
G42: =E42*F42 -> 0
B43: SABS 1200MJ.8.2.3 | C43: Cutting units to fit edge restraints: | G43: =E43*F43 -> 0
G44: =E44*F44 -> 0
B45: SABS 1200MK.8.2.1a | C45: Straight cutting of paving. | D45: m | E45: 1 | G45: =E45*F45 -> 0
G46: =E46*F46 -> 0
B47: SABS 1200MK.8.2 | C47: Kerbing and channeling | G47: =E47*F47 -> 0
G48: =E48*F48 -> 0
G49: =E49*F49 -> 0
B50: SABS 1200GE.8.2.1 | C50: Provide structural precast units: | G50: =E50*F50 -> 0
G51: =E51*F51 -> 0
C52: 250mm diameter x 1200mm high precast concrete bollard planted 300mm deep into ground, including excavations, backfilling, compacting, etc. | D52: No. | E52: 1 | G52: =E52*F52 -> 0
G53: =E53*F53 -> 0
B54: SSM pg 25 | C54: DAMP-PROOFING OF WALLS AND FLOORS | G54: =E54*F54 -> 0
G55: =E55*F55 -> 0
B56: SSM pg 25.2 | C56: One layer of 250 micron "Plastall Gundle USB Green" waterproof sheeting sealed at laps with "Gunplas Pressure Sensitive Tape". | D56: m2 | E56: 1 | G56: =E56*F56 -> 0
G57: =E57*F57 -> 0
C58: SUNDRIES | G58: =E58*F58 -> 0
G59: =E59*F59 -> 0
C60: Under paving: | G60: =E60*F60 -> 0
G61: =E61*F61 -> 0
C62: Sweep into paving a mixture of plaster sand and cement, 4 parts sand and 1 part cement. Contractor to ensure the paving area is totally sealed to prevent the increase of water. | D62: m2 | E62: 1 | G62: =E62*F62 -> 0
G63: =E63*F63 -> 0
B64: SSM pg 57 | C64: PAINTWORK | G64: =E64*F64 -> 0
G65: =E65*F65 -> 0
B66: SSM pg 57.3 | C66: Prepare and apply one coat white reflective road marking paint on precast concrete paving blocks: | G66: =E66*F66 -> 0
G67: =E67*F67 -> 0
C68: 100mm Wide 'white' line. | D68: m | E68: 1 | G68: =E68*F68 -> 0
G69: =E69*F69 -> 0
C70: 100mm Wide 'yellow' line. | D70: m | E70: 1 | G70: =E70*F70 -> 0
G72: =SUM(G12:G70) -> 0

Sheet Cable Trenches, Ducts, Ramps
B2: REFERENCE | C2: DESCRIPTION | D2: UNIT | E2: QTY | F2: RATE | G2: AMOUNT
C3: SECTION 7
C4: CIVIL WORKS
C6: CABLE TRENCHES, DUCTS, JUNCTIONS AND RAMPS
C8: ELECTRICAL INSTALLATION
C10: THE FOLLOWING IN CABLE TRENCHES, DUCTS & JUNCTIONS
C12: Construct complete unit as specified and shown on Drawing no. xxxx, including excavation in all material, working space, risk of collapse, regular dewatering, concrete, formwork, reinforcement, imported backfill and disposal. Cable trenches and junctions complete with concrete covers. Note: Covers must be fitted, marked for positions and placed next to trenches for later installation by others.
C14: Single trench. | D14: m | E14: 1 | G14: =E14*F14 -> 0
G15: =E15*F15 -> 0
C16: Double trench. | D16: m | E16: 1 | G16: =E16*F16 -> 0
G17: =E17*F17 -> 0
C18: Set of four trenches (2x double) (Provisional). | D18: m | E18: 1 | G18: =E18*F18 -> 0
G19: =E19*F19 -> 0
C20: Concrete cable trench junctions, including supporting galvanized steelwork: | G20: =E20*F20 -> 0
G21: =E21*F21 -> 0
C22: Single to double junction. | D22: No. | E22: 1 | G22: =E22*F22 -> 0
G23: =E23*F23 -> 0
C24: Single to single junction. | D24: No. | E24: 1 | G24: =E24*F24 -> 0
G25: =E25*F25 -> 0
C26: Entrance to junction box. | D26: No. | E26: 1 | G26: =E26*F26 -> 0
G27: =E27*F27 -> 0
C28: Sundries: | G28: =E28*F28 -> 0
G29: =E29*F29 -> 0
C30: Single cable trench bend. | D30: No. | E30: 1 | G30: =E30*F30 -> 0
G31: =E31*F31 -> 0
C32: Multi cable trenches bend. | D32: No. | E32: 1 | G32: =E32*F32 -> 0
G33: =E33*F33 -> 0
C34: Single to double junction. | D34: No. | E34: 1 | G34: =E34*F34 -> 0
G35: =E35*F35 -> 0
C36: Double to double junction. | D36: No. | E36: 1 | G36: =E36*F36 -> 0
G37: =E37*F37 -> 0
C38: Single and multi trench 4 way junction. | D38: No. | E38: 1 | G38: =E38*F38 -> 0
G39: =E39*F39 -> 0
C40: Two trench entrance to control building, including manhole, racking, submersible pump, excavation, backfilling, brickwork, etc. | D40: No. | E40: 1 | G40: =E40*F40 -> 0
G41: =E41*F41 -> 0
C42: Three trench entrance to control building, including manhole, racking, submersible pump, excavation, backfilling, brickwork, etc. | D42: No. | E42: 1 | G42: =E42*F42 -> 0
G43: =E43*F43 -> 0
C44: Supply of single trench concrete covers. | D44: No. | E44: 1 | G44: =E44*F44 -> 0
G45: =E45*F45 -> 0
C46: Culverts : | G46: =E46*F46 -> 0
G47: =E47*F47 -> 0
C48: 450x600mm wide precast cable duct 14m long, including cable racking, excavation, backfilling, etc. complete as per detail xxxx. | D48: No. | E48: 1 | G48: =E48*F48 -> 0
G49: =E49*F49 -> 0
G50: =E50*F50 -> 0
C51: SUNDRIES: | G51: =E51*F51 -> 0
G52: =E52*F52 -> 0
C53: Supply of cable trench ramp concrete covers. | D53: No. | E53: 1 | G53: =E53*F53 -> 0
G54: =E54*F54 -> 0
C55: Supply and spread fine sand in the cable trenches | D55: m3 | E55: 1 | G55: =E55*F55 -> 0
C57: Carried to summary | G57: =SUM(G13:G55) -> 0

Sheet Carports
B2: REFERENCE | C2: DESCRIPTION | D2: UNIT | E2: QTY | F2: RATE | G2: AMOUNT
C3: SECTION 8
C4: EXTERNAL WORKS
C6: CARPORTS
C8: EARTHWORKS
C10: Carting away of excavated material:
C12: Descriptions of carting away of excavated material shall be deemed to include loading excavated material onto trucks directly from the excavations or, alternatively, from stock piles situated on the building site.
G14: =E14*F14 -> 0
C15: ROOF COVERINGS, ETC. | G15: =E15*F15 -> 0
G16: =E16*F16 -> 0
C17: PROFILED METAL SHEETING AND ACCESSORIES | G17: =E17*F17 -> 0
G18: =E18*F18 -> 0
C19: 0.8mm Thick 'IBR 686' Z450 spelter, galvanized steel sheeting in single lengths, with 'Classicoat' finish 'Colour White Lion' one side and half coat 'Classicoat Grey' other side, fixed to steel purlins and / or rails (elsewhere measured): | G19: =E19*F19 -> 0
G20: =E20*F20 -> 0
C21: Roof covering with pitch not exceeding 25 degrees. | D21: m2 | E21: 1 | G21: =E21*F21 -> 0
G22: =E22*F22 -> 0
C23: Flat roof covering. | G23: =E23*F23 -> 0
G24: =E24*F24 -> 0
C25: Side cladding, including all necessary cover plates, etc. | D25: m2 | E25: 1 | G25: =E25*F25 -> 0
G26: =E26*F26 -> 0
C27: 0.8mm Thick galvanized flashings and accessories, with Classicoat' finish 'Colour White Lion' one side and half coat 'Classicoat Grey' other side: | G27: =E27*F27 -> 0
G28: =E28*F28 -> 0
C29: Barge flashing / Gable trim, 550mm girth and three times bent along girth. | D29: m | E29: 1 | G29: =E29*F29 -> 0
G30: =E30*F30 -> 0
C31: External corner trim 460mm girth and three times bent along girth. | D31: m | E31: 1 | G31: =E31*F31 -> 0
G32: =E32*F32 -> 0
C33: Drip flashing 150mm girth and three times bent along girth. | D33: m | E33: 1 | G33: =E33*F33 -> 0
G34: =E34*F34 -> 0
C35: STRUCTURAL STEELWORK | G35: =E35*F35 -> 0
G36: =E36*F36 -> 0
C37: Descriptions of bolts shall be deemed to include nuts and washers. | G37: =E37*F37 -> 0
G38: =E38*F38 -> 0
C39: All steelwork to be hot dip galvanized. | G39: =E39*F39 -> 0
G40: =E40*F40 -> 0
C41: STEEL COLUMNS AND BEAMS | G41: =E41*F41 -> 0
G42: =E42*F42 -> 0
C43: Columns in single lengths: | G43: =E43*F43 -> 0
G44: =E44*F44 -> 0
C45: 100 x 100 x 5mm Thick square hollow section columns, including 300 x 300 x 5mm thick mild steel base plate welded on and cast into concrete base. | D45: t | E45: 1 | G45: =E45*F45 -> 0
G46: =E46*F46 -> 0
C47: 40 x 40 x 3mm Angle section support for girts welded to columns. | D47: t | E47: 1 | G47: =E47*F47 -> 0
G48: =E48*F48 -> 0
C49: Welded and bolted beams in single lengths, including all bearer and connection plates welded to columns (elsewhere measured), including holes, bolts, etc., complete: | G49: =E49*F49 -> 0
G50: =E50*F50 -> 0
C51: 200 x 75 x 20 x 3,5mm cold formed lipped channel. | D51: t | E51: 1 | G51: =E51*F51 -> 0
G52: =E52*F52 -> 0
C53: Set of two 200 x 75 x 20 x 3,5mm cold formed lipped channels welded together. | D53: t | E53: 1 | G53: =E53*F53 -> 0
G54: =E54*F54 -> 0
C55: 225 x 75 x 20 x 3,5mm cold formed lipped channel. | D55: t | E55: 1 | G55: =E55*F55 -> 0
G56: =E56*F56 -> 0
C57: PURLINS, GRITS, BRACING, ETC. | G57: =E57*F57 -> 0
G58: =E58*F58 -> 0
C59: Purlins and girts in single lengths, welded and bolted to steel beams and / or columns, including all holes, bolts, etc., complete: | G59: =E59*F59 -> 0
G60: =E60*F60 -> 0
C61: 100 x 75 x 20 x 3,5mm cold formed lipped channel section purlin. | D61: t | E61: 1 | G61: =E61*F61 -> 0
G62: =E62*F62 -> 0
G63: =E63*F63 -> 0
C64: 100 x 50 x 20 x 3,5mm cold formed lipped channel section girts, rails and vertical supports. | D64: t | E64: 1 | G64: =E64*F64 -> 0
G65: =E65*F65 -> 0
G67: =SUM(G12:G64) -> 0

Sheet Fencing
B2: REFERENCE | C2: DESCRIPTION | D2: UNIT | E2: QTY | F2: RATE | G2: AMOUNT
C3: SECTION 9
C4: CIVIL WORKS
C6: SECURITY FENCING, CLEAR VIEW AND CAMERAS INCLUDING SECURITY LIGHTING
C8: TEMPORARY FENCING
C10: Supply, deliver and install new 1,83m high galvanized diamond mesh 'safety fence' as temporary fencing, complete (as detailed on Drawings 0.54/4963 Sheets 1 to 4 inclusive):
B12: SSM pg61.29 | C12: 1,83m High galvanized wire fence, comprising of 64mm x 64mm x 2,5mm diameter diamond mesh supported on and including 3 no. x 4mm diameter horizontal straining wires, mesh strained with 10mm diameter galvanized hook bolts, straining wires strained with 100mm long x 10mm diameter straining bolts, including all necessary hot dipped galvanized steel angle section, corner, intermediate, gate posts and stays, base plates, etc., casting posts in and including 20MPa/19mm concrete bases, including excavation, backfilling and disposing of surplus excavated material, concrete, formwork, etc., (no overhang required). | D12: m | E12: 1 | G12: =E12*F12 -> 0
G13: =E13*F13 -> 0
C14: Extra over 1,83m high fencing for 6m wide double-leaf Vehicular access gate type 'B' including 40mm diameter hot dipped galvanized steel tube framing and cross bracing, diamond mesh covering bound on with 2,5mm diameter galvanized wire, 460mm long x 8mm diameter chain link welded on (padlock to be provided by Eskom), 3 no. hinges per leaf, 280mm long tower bolt and 100mm long x 20mm diameter steel slot cast flush in top surface of concrete (elsewhere measured), etc., complete. | D14: No. | E14: 1 | G14: =E14*F14 -> 0
G15: =E15*F15 -> 0
C16: Extra over 1,83m high fencing for 995mm wide single-leaf Pedestrian gate type 'A' including 40mm diameter hot dipped galvanized steel tube framing, diamond mesh covering bound on with 2,5mm diameter galvanized wire, locking mechanism (padlock to be provided by Eskom), 3 no. hinges, etc., complete. | D16: No. | E16: 1 | G16: =E16*F16 -> 0
G17: =E17*F17 -> 0
C18: Supply, deliver and install new 2,4m high weldmesh barrier 'security fence' complete (all as detailed on Drawings 0.54 / 5633 Sheets 1 to 7 inclusive): | G18: =E18*F18 -> 0
G19: =E19*F19 -> 0
B20: SSM pg61.29 | C20: 2,4m High galvanised weldmesh fence with two 730mm long angle sections as 'V' shaped overhang both set to 45 degrees, comprising 50mm x 50mm x 3,1mm diameter high tensile steel weldmesh covering fixed to and including 5 no. x 4mm diameter horizontal straining wires, mesh strained with 10mm galvanized hook bolts, straining wires strained with 100mm long x 10mm diameter straining bolts, including all necessary hot dipped galvanized steel angle section posts, corner posts, stays, top and bottom rails, including all cover plates, base plates, casting posts into and including concrete bases, including excavations, backfilling, carting away excess excavated material, 4 no. straining wires to each overhang, etc., complete (inner fence) | D20: m | E20: 1 | G20: =E20*F20 -> 0
G21: =E21*F21 -> 0
C22: Extra over 2,4m high barrier security fencing with overhang, for 90 degree bend | D22: No. | E22: 1 | G22: =E22*F22 -> 0
G23: =E23*F23 -> 0
C24: Extra over 2,4m high barrier security fencing for the gate and Supply and install 6,89m wide double-leaf Main Vehicular access gate (all in accordance with drawing 0.54/5633, Sheet 1 of 7, Rev. 2) | D24: No. | E24: 1 | G24: =E24*F24 -> 0
G25: =E25*F25 -> 0
C26: Supply, deliver and install new 2,4m high tensile steel welded mesh fence complete (all as detailed on Drawing 0.54/8725) | G26: =E26*F26 -> 0
G27: =E27*F27 -> 0
B28: SSM pg61.29 | C28: 2,4m High fence constructed from high tensile steel weld mesh of 80% with two 730mm long angle sections with V shaped overhang both set to 45 degrees, comprising 50mm x 50mm x 3,1mm diameter high tensile steel weldmesh covering fixed to and including 5 no. x 4mm diameter horizontal straining wires, mesh strained with 10mm galvanized hook bolts, straining wires strained with 100mm long x 10mm diameter straining bolts, including all necessary steel angle section posts, corner posts, stays, top and bottom rails, including all cover plates, base plates, casting posts into and including concrete bases, including excavations, backfilling, carting away excess excavated material, 4 no. straining wires to each overhang, etc., complete [ See Drawing 0.54/8725] | D28: m | E28: 1 | G28: =E28*F28 -> 0
G29: =E29*F29 -> 0
C30: Extra over 2,4m high high tensile steel weld mesh fencing with overhang, for 90 degree bend. | G30: =E30*F30 -> 0
G31: =E31*F31 -> 0
B32: SSM pg61.29 | C32: Extra over 2,4m high high tensile steel weld mesh fencing for the gate and Supply and install 6,89m wide double-leaf Main Vehicular access gate (all in accordance with drawing 0.54/8725). | G32: =E32*F32 -> 0
G33: =E33*F33 -> 0
C34: Supply, deliver and install new Non-Lethal Security Fencing: | G34: =E34*F34 -> 0
G35: =E35*F35 -> 0
C36: Strain posts and struts. | D36: No. | E36: 1 | G36: =E36*F36 -> 0
G37: =E37*F37 -> 0
C38: Inline strain post and struts. | D38: No. | E38: 1 | G38: =E38*F38 -> 0
G39: =E39*F39 -> 0
C40: Intermediate posts with 24 non lethal insulators. | D40: No. | E40: 1 | G40: =E40*F40 -> 0
G41: =E41*F41 -> 0
C42: Conductors 24 off + earth. | D42: m | E42: 1 | G42: =E42*F42 -> 0
G43: =E43*F43 -> 0
C44: 2 Coils - flat wrap. | D44: m | E44: 1 | G44: =E44*F44 -> 0
G45: =E45*F45 -> 0
C46: Anti-tunneling slabs. | D46: m | E46: 1 | G46: =E46*F46 -> 0
G47: =E47*F47 -> 0
C48: Concrete slab under fence. | D48: m | E48: 1 | G48: =E48*F48 -> 0
G49: =E49*F49 -> 0
C50: 6mm stranded copper under concrete slab. | D50: m | E50: 1 | G50: =E50*F50 -> 0
G51: =E51*F51 -> 0
C52: Signs @ 20m centres. | D52: No. | E52: 1 | G52: =E52*F52 -> 0
G53: =E53*F53 -> 0
C54: Supply and mount cabinet Type "A". | D54: No. | E54: 1 | G54: =E54*F54 -> 0
G55: =E55*F55 -> 0
C56: Mount access control equipment in cabinet. | D56: Sum | E56: 1 | G56: =E56*F56 -> 0
G57: =E57*F57 -> 0
C58: Supply and fit energizers in cabinet. | D58: No. | E58: 1 | G58: =E58*F58 -> 0
G59: =E59*F59 -> 0
C60: Security light posts complete. | D60: No. | E60: 1 | G60: =E60*F60 -> 0
G61: =E61*F61 -> 0
C62: Sliding gate complete with piggy back fence. | D62: No. | E62: 1 | G62: =E62*F62 -> 0
G63: =E63*F63 -> 0
C64: 24v DC HD Hansa sliding gate motor complete with power pack. | D64: No. | E64: 1 | G64: =E64*F64 -> 0
G65: =E65*F65 -> 0
C66: Anti-theft bracket for gate motor. | D66: No. | E66: 1 | G66: =E66*F66 -> 0
G67: =E67*F67 -> 0
C68: 24v DC HD Hansa swing gate motor with power pack. | D68: No. | E68: 1 | G68: =E68*F68 -> 0
G69: =E69*F69 -> 0
C70: IR units. | D70: Sets | E70: 1 | G70: =E70*F70 -> 0
G71: =E71*F71 -> 0
C72: Goose necks. | D72: No. | E72: 1 | G72: =E72*F72 -> 0
G73: =E73*F73 -> 0
C74: Safety barriers for goose necks. | D74: No. | E74: 1 | G74: =E74*F74 -> 0
G75: =E75*F75 -> 0
C76: Reed switch on gates. | D76: No. | E76: 1 | G76: =E76*F76 -> 0
G77: =E77*F77 -> 0
C78: Connect 6mm earth to lighting earth. | D78: No. | E78: 1 | G78: =E78*F78 -> 0
G79: =E79*F79 -> 0
C80: PC item for pre-detection system. | D80: Sum | E80: 1 | G80: =E80*F80 -> 0
G81: =E81*F81 -> 0
C82: Gallagher isolator switches. | D82: No. | E82: 1 | G82: =E82*F82 -> 0
G83: =E83*F83 -> 0
C84: Modify checker plate. | D84: No. | E84: 1 | G84: =E84*F84 -> 0
G85: =E85*F85 -> 0
C86: PC item for temporary fence and energizer. | D86: Sum | E86: 1 | G86: =E86*F86 -> 0
G87: =E87*F87 -> 0
C88: Supply 1,5mm2 4 core cable. | D88: m | E88: 1 | G88: =E88*F88 -> 0
G89: =E89*F89 -> 0
C90: Supply HV 12. | D90: m | E90: 1 | G90: =E90*F90 -> 0
G91: =E91*F91 -> 0
C92: Supply 10pr armoured. | D92: m | E92: 1 | G92: =E92*F92 -> 0
G93: =E93*F93 -> 0
C94: Lay 1,5mm2 4 core cable. | D94: m | E94: 1 | G94: =E94*F94 -> 0
G95: =E95*F95 -> 0
C96: Lay HV 12 in perimeter trench. | D96: m | E96: 1 | G96: =E96*F96 -> 0
G97: =E97*F97 -> 0
C98: Lay comms 2,6,10,20pr. | D98: m | E98: 1 | G98: =E98*F98 -> 0
G99: =E99*F99 -> 0
C100: Cable Danger Tape. | D100: m | E100: 1 | G100: =E100*F100 -> 0
G101: =E101*F101 -> 0
C102: Cable, terminate HV 12. | D102: No | E102: 1 | G102: =E102*F102 -> 0
G103: =E103*F103 -> 0
C104: Cable, terminate comms cables. | D104: No. | E104: 1 | G104: =E104*F104 -> 0
G105: =E105*F105 -> 0
...

Sheet ADDITIONAL WORK
A1: ITEM | C1: UNIT | D1: QTY | E1: RATE | F1: AMOUNT
B2: SECTION 10: ADDITIONAL WORK
B4: PREAMBLES:
B5: The Tenderer is referred to the relevant clauses in the latest edition of the Model Preambles for Trades and to the Supplementary Preambles.
B6: SUPPLEMENTARY PREAMBLES:
B10: HOURLY RATE: GAUTENG
B12: The tenderer is advised that the following items are Labour Rates for items not covered in this Pricelists.
B13: Tenderers are advised that all labour charges and transport charges must be procured from the closest to the effected site.
B14: Any call out work commenced during working hours and completed after normal working hours will be compensated by using normal working hour rates only.
B15: Any call out work commenced after normal working hours will be compensated by using after normal working hour rates only.
B16: Prior written approval must be received from the Service Manager prior to commencement of work.
A18: 1 | B18: Civil Engineering inspections and reports by professional Engineer as and when required | C18: Hr | D18: 1 | F18: =E18*D18 -> 0
F19: =E19*D19 -> 0
A20: 2 | B20: Architectural inspections and reports by Professional Architect as and when required | C20: Hr | D20: 1 | F20: =E20*D20 -> 0
F21: =E21*D21 -> 0
A22: 5 | B22: Structural l Engineering inspections and reports by professional Engineer as and when required | C22: Hr | D22: 1 | F22: =E22*D22 -> 0
B25: Work to be done from Monday to Friday between 7:30am and 4pm:
A27: 6 | B27: Skilled - Electrical | C27: Hr | D27: 1 | F27: =E27*D27 -> 0
A29: 7 | B29: Skilled Artisan- Building/ Civil / Alterations works | C29: Hr | D29: 1 | F29: =E29*D29 -> 0
A31: 8 | B31: Skilled - Plumbing | C31: Hr | D31: 1 | F31: =E31*D31 -> 0
A33: 9 | B33: Electrical Assistant | C33: Hr | D33: 1 | F33: =E33*D33 -> 0
A35: 10 | B35: Artisan Assistant- Building /Civil /Alterations works | C35: Hr | D35: 1 | F35: =E35*D35 -> 0
F36: =E36*D36 -> 0
A37: 11 | B37: Plumber Assistant | C37: Hr | D37: 1 | F37: =E37*D37 -> 0
F38: =E38*D38 -> 0
A39: 12 | B39: General worker - unskilled | C39: Hr | D39: 1 | F39: =E39*D39 -> 0
F40: =E40*D40 -> 0
F41: =E41*D41 -> 0
F42: =E42*D42 -> 0
B43: Work to be done from after hours and Saturdays | F43: =E43*D43 -> 0
F44: =E44*D44 -> 0
A45: 14 | B45: Skilled - Electrical | C45: Hr | D45: 1 | F45: =E45*D45 -> 0
F46: =E46*D46 -> 0
A47: 15 | B47: Skilled Artisan- Building/ Civil / Alterations works | C47: Hr | D47: 1 | F47: =E47*D47 -> 0
F48: =E48*D48 -> 0
A49: 16 | B49: Skilled - Plumbing | C49: Hr | D49: 1 | F49: =E49*D49 -> 0
F50: =E50*D50 -> 0
A51: 17 | B51: Electrical Assistant | C51: Hr | D51: 1 | F51: =E51*D51 -> 0
F52: =E52*D52 -> 0
A53: 18 | B53: Artisan Assistant- Building /Civil /Alterations works | C53: Hr | D53: 1 | F53: =E53*D53 -> 0
F54: =E54*D54 -> 0
A55: 19 | B55: Plumber Assistant | C55: Hr | D55: 1 | F55: =E55*D55 -> 0
F56: =E56*D56 -> 0
A57: 20 | B57: General worker - unskilled | C57: Hr | D57: 1 | F57: =E57*D57 -> 0
F58: =E58*D58 -> 0
F59: =E59*D59 -> 0
F60: =E60*D60 -> 0
B61: Work to be done on Sundays and Public Holidays | F61: =E61*D61 -> 0
F62: =E62*D62 -> 0
A63: 22 | B63: Skilled - Electrical | C63: Hr | D63: 1 | F63: =E63*D63 -> 0
F64: =E64*D64 -> 0
A65: 23 | B65: Skilled Artisan- Building/ Civil / Alterations works | C65: Hr | D65: 1 | F65: =E65*D65 -> 0
F66: =E66*D66 -> 0
A67: 24 | B67: Skilled - Plumbing | C67: Hr | D67: 1 | F67: =E67*D67 -> 0
F68: =E68*D68 -> 0
A69: 25 | B69: Electrical Assistant | C69: Hr | D69: 1 | F69: =E69*D69 -> 0
F70: =E70*D70 -> 0
A71: 26 | B71: Artisan Assistant- Building /Civil /Alterations works | C71: Hr | D71: 1 | F71: =E71*D71 -> 0
F72: =E72*D72 -> 0
A73: 27 | B73: Plumber Assistant | C73: Hr | D73: 1 | F73: =E73*D73 -> 0
F74: =E74*D74 -> 0
A75: 28 | B75: General worker - unskilled | C75: Hr | D75: 1 | F75: =E75*D75 -> 0
F76: =E76*D76 -> 0
B78: Materials
B79: All and any other materials used that is not allowed for in the BOQ shall be re-imbursed at cost plus material handling fee (Percentage Mark-Up). Actual invoices shall be submitted to NTCSA GOU Properties official
A80: 448 | B80: Percentage Mark Up = | C80: %
B82: Subcontract | F82: =E82*D82 -> 0
F83: =E83*D83 -> 0
B84: The Contractor will be required to provide three quotations when the need arises, for the approval by Service Manager. NTCSA has the right to reject quotations and do its own market research,should Contractors quotations not be acceptable to NTCSA. The Contractor will then be required to appoint the selected Supplier /sub contractor based on NTCSA's recommendations. | F84: =E84*D84 -> 0
F85: =E85*D85 -> 0
B86: The Contractor is not allowed to claim P&G % on work that is sub-contracted for non bill items, only the percentage mark-up can be claimed. | F86: =E86*D86 -> 0
F87: =E87*D87 -> 0
A88: 32 | B88: Percent mark up (profit and attendance) on sub-contracted works. | C88: % | F88: =E88*D88 -> 0
F90: =SUM(F17:F88) -> 0

Sheet FINAL SUMMARY
A2: NTCSA
A3: PRICELIST FOR THE MAINTENANCE OF NTCSA PROPERTIES
A6: FINAL SUMMARY
B9: Bill No. | C9: CORE TECHNICAL SERVICES | E9: Page | G9: Amount
B11: 1 | C11: PRELIMINARIES AND GENERALS | E11: 1: 1-7 | F11: R | G11: ='P&Gs '!G75 -> 0
B13: 2 | C13: ALTERATIONS | E13: 2: 2-18 | F13: R | G13: =ALTERATIONS!F1098 -> 0
B15: 3 | C15: BUILDING WORKS | E15: 3: 1-46 | F15: R | G15: ='BUILDING BOQ'!F2720 -> 0
B17: 4 | C17: PLUMBING AND DRAINAGE | E17: 5: 1-11 | F17: R | G17: ='PLUMBING AND DRAINAGE BOQ'!F437 -> 0
B19: 5 | C19: YARD WORKS | F19: R | G19: ='Yard Works'!G72 -> 0
B21: 6 | C21: CABLE TRENCHES AND RAMPS | F21: R | G21: ='Cable Trenches, Ducts, Ramps'!G57 -> 0
B23: 7 | C23: CARPORTS | F23: R | G23: =Carports!G67 -> 0
B25: 9 | C25: FENCING | F25: R | G25: =Fencing!G131 -> 0
B27: 10 | C27: ADDITIONAL WORK | F27: R | G27: ='ADDITIONAL WORK'!F90 -> 0
B29: 13 | C29: Sub-Total | F29: R | G29: =SUM(G12:G28) -> 0
C30: ADD:
B31: 14 | C31: 15% VAT | F31: R | G31: =G29*0.15 -> 0
C33: TOTAL CARRIED TO FORM OF OFFER | F33: R | G33: =+G29+G31 -> 0

Sheet NEC3 CONTRACT
